Kings vs Canucks

Created - 19 novembre 2015 at 06:32

Goals
1 2 3 T
Kings 3 4 2 9
Canucks 2 1 3 6
Shots
1 2 3 T
Kings 15 10 11 36
Canucks 15 13 14 42

1st period

1. Canucks , Kent Huskins 3 (Clarke MacArthur, Tomas Plekanec) at 0:43 (PP)
2. Kings , Guillaume Latendresse 4 (Matt Duchene, Dion Phaneuf) at 3:21 (PP)
3. Kings , Maxim Afinogenov 2 (Guillaume Latendresse, Anze Kopitar) at 10:29
4. Kings , Dion Phaneuf 3 (Guillaume Latendresse, Viktor Fasth) at 11:52 (PP)
5. Canucks , Tomas Plekanec 5 (Tom Poti) at 13:40

Penalties :
Dion Phaneuf (LAK) for Hooking (Minor) at 0:15, Matt Stajan (Van) for Tripping (Minor) at 2:45, Peter Worrell (Van) for Hooking (Minor) at 11:12, Peter Worrell (Van) for Fighting (Major) at 16:35, Dion Phaneuf (LAK) for Fighting (Major) at 16:35, Peter Worrell (Van) for instigated a fight (Minor) at 16:35, Peter Worrell (Van) for instigated a fight (10 Minutes Misconduct) at 16:35

2nd period

6. Kings , Andrei Kostitsyn 12 (Matt Duchene, Drew Doughty) at 0:42
7. Kings , Martin Samuelsson 4 (Drew Doughty) at 4:56
8. Kings , Anze Kopitar 10 (Maxim Afinogenov) at 5:08
9. Canucks , Matt Stajan 6 (Jaromir Jagr, Alex Tanguay) at 5:16
10. Kings , Anze Kopitar 11 (Andrei Kostitsyn) at 9:01 (PP)

Penalties :
Tomas Kaberle (LAK) for High sticking (Minor) at 6:34, Jaromir Jagr (Van) for Hooking (Minor) at 8:58, Alex Tanguay (Van) for Roughing (Minor) at 13:32, Andrei Kostitsyn (LAK) for Holding (Minor) at 17:24, Matt Duchene (LAK) for Roughing (Minor) at 19:46

3rd period

11. Canucks , Jaromir Jagr 7 (Matt Stajan) at 2:34 (PP)
12. Kings , Dion Phaneuf 4 (Drew Doughty, Jordan Nolan) at 4:39 (PP)
13. Kings , Boyd Devereaux 4 (Dion Phaneuf, Scottie Upshall) at 6:09
14. Canucks , Jaromir Jagr 8 (Alex Goligoski) at 11:15
15. Canucks , Jaromir Jagr 9 (Alex Goligoski, Peter Worrell) at 14:19

Penalties :
Maxim Afinogenov (LAK) for Cross-checking (Minor) at 2:25, Peter Worrell (Van) for Fighting (Major) at 3:10, Maxim Afinogenov (LAK) for Fighting (Major) at 3:10, Jaromir Jagr (Van) for Tripping (Minor) at 3:20, Kyle Cumiskey (Van) for Fighting (Major) at 11:09, Trevor Daley (LAK) for Fighting (Major) at 11:09

Goalie Stats

Viktor Fasth (LAK), 36 saves from 42 shots - (0,857), W, 7-6-0, 60:00 minutes
Carey Price (Van), 8 saves from 12 shots - (0,667), L, 6-5-0, 23:57 minutes
Chad Johnson (Van), 19 saves from 24 shots - (0,792), 36:03 minutes

Players Stats for Kings

Player Name              G  A  P  +/- PIM S  H  SB GA TA FO     MP     PP MP  PK MP  
------------------------------------------------------------------------------------
Andrei Kostitsyn         1  1  2  -1  2   4  2  0  1  0  0/0    18:19   4:10   0:11 
Anze Kopitar             2  1  3   2  0   4  1  0  1  0  20/34  18:08   4:10   0:34 
Boyd Devereaux           1  0  1  -1  0   3  2  3  0  0  8/20   16:55   0:00   4:26 
Dion Phaneuf             2  2  4  -1  7   2  2  5  1  1  0/0    23:14   3:25   2:07 
Drew Doughty             0  3  3   1  0   1  0  2  1  0  0/0    20:53   5:00   2:23 
Dustin Byfuglien         0  0  0   1  0   1  0  0  0  1  0/0     8:43   0:00   1:34 
Guillaume Latendresse    1  2  3   2  0   1  0  0  1  0  2/2    16:17   2:26   0:23 
Johnny Oduya             0  0  0   0  0   0  0  3  0  2  0/0    23:27   1:36   4:11 
Jordan Nolan             0  1  1   1  0   2  1  0  0  0  0/2    11:59   4:10   0:00 
Lubomir Visnovsky        0  0  0   1  0   1  2  0  0  1  0/0    15:58   0:00   4:11 
Martin Samuelsson        1  0  1   1  0   2  0  1  0  1  0/0    12:13   0:00   4:26 
Matt Duchene             0  2  2  -1  2   3  2  0  1  1  11/19  17:18   2:26   0:00 
Maxim Afinogenov         1  1  2   2  7   3  1  0  1  0  0/1    13:47   1:23   0:00 
Miroslav Satan           0  0  0  -1  0   3  1  0  0  0  0/0    11:36   0:00   0:00 
Scottie Upshall          0  1  1  -1  0   2  2  3  0  0  0/1    13:10   0:00   1:34 
Tomas Kaberle            0  0  0   0  2   1  1  2  0  1  0/0    18:50   0:00   0:00 
Trevor Daley             0  0  0   1  5   1  1  1  0  3  0/0    16:02   1:48   0:16 
Vladimir Tarasenko       0  0  0  -1  0   2  0  0  0  0  0/0    16:29   2:26   0:00 

Players Stats for Canucks

Player Name              G  A  P  +/- PIM S  H  SB GA TA FO     MP     PP MP  PK MP  
------------------------------------------------------------------------------------
Alex Goligoski           0  2  2   1  0   1  4  1  1  0  0/0    30:10   4:08   4:58 
Alex Tanguay             0  1  1   1  2   2  0  3  0  1  1/1    16:55   1:17   0:29 
Antti Miettinen          0  0  0  -2  0   2  1  0  1  0  0/0     8:59   0:00   0:00 
Clarke MacArthur         0  1  1   0  0   4  2  0  1  0  1/1    16:11   2:37   1:33 
Daniel Paille            0  0  0  -3  0   1  1  1  0  0  2/2    12:22   0:00   2:24 
David Jones              0  0  0   0  0   2  0  1  0  0  0/0     9:47   0:00   0:00 
Jaromir Jagr             3  1  4   1  4   5  3  0  2  1  1/2    23:35   3:57   3:28 
Karl Alzner              0  0  0  -1  0   1  0  1  0  0  0/0    10:24   0:00   0:00 
Kent Huskins             1  0  1   0  0   2  0  4  0  0  0/0    19:47   2:26   1:38 
Kyle Cumiskey            0  0  0  -2  5   0  0  0  0  0  0/0     9:30   0:00   0:00 
Matt Stajan              1  1  2   1  2   5  1  0  2  1  21/50  24:22   3:57   4:14 
Maxim Lapierre           0  0  0   0  0   2  1  1  0  0  1/2    10:20   0:00   0:27 
Nikolai Zherdev          0  0  0   0  0   2  1  0  1  0  0/1    14:29   2:37   0:00 
Olli Jokinen             0  0  0  -2  0   5  1  0  0  0  2/3     8:50   0:00   0:00 
Peter Worrell            0  1  1   1  24  1  2  0  1  0  1/1    12:58   2:40   0:37 
Sami Lepisto             0  0  0  -1  0   1  3  1  0  1  0/0    20:18   2:26   1:38 
Tom Poti                 0  1  1   1  0   0  2  4  1  3  0/0    29:50   4:08   4:58 
Tomas Plekanec           1  1  2   0  0   6  1  0  1  0  8/16   14:29   2:37   0:00 

3 Stars

1 - Jaromir Jagr (Van)
2 - Anze Kopitar (LAK)
3 - Guillaume Latendresse (LAK)

Power Play

Kings - 4 on 6 Attempt(s) - 66,67%
Canucks - 2 on 5 Attempt(s) - 40,00%

Penalty Kill

Kings - 3 on 5 Attempt(s) - 60,00% - Score 0 goal in Penalty Kill
Canucks - 2 on 6 Attempt(s) - 33,33% - Score 0 goal in Penalty Kill

Team Stat

Kings - Hits : 18 - Faceoff Wins : 41 - Blocked Shots : 20 - Penalty Minutes : 25
Canucks - Hits : 23 - Faceoff Wins : 38 - Blocked Shots : 17 - Penalty Minutes : 37

Official

Referees : Pollock Kevin and Martell Rob
Linesman : Thor Nelson and Mark Shewchyk

Game Notes

Dion Phaneuf beats up Peter Worrell at 16:35 of 1st period
Carey Price enters game at 0:42 of 2nd period
Peter Worrell beats up Maxim Afinogenov at 3:10 of 3rd period
Chad Johnson enters game at 4:39 of 3rd period
Trevor Daley beats up Kyle Cumiskey at 11:09 of 3rd period
Jaromir Jagr has scored a Hat Trick!

Finance

Level 1 -- Attendance: 5620 (93,67%) -- Ticket Income 483 320 $
Level 2 -- Attendance: 4957 (99,14%) -- Ticket Income 242 893 $
Level 3 -- Attendance: 2000 (100,00%) -- Ticket Income 60 000 $
Level 4 -- Attendance: 4000 (100,00%) -- Ticket Income 68 000 $
Luxury Box -- Attendance: 1000 (100,00%) -- Ticket Income 100 000 $
Game was played at the Budweiser Coliseum'
Total Attendance: 17577 (97,65%)
Total Ticket Income: 954 213 $
Other Income: 143 132 $
Total Income: 1 097 345 $

Kings

5 vs 5 Forward 
   Center                   Left Wing                Right Wing               Time % Phy DF OF 
 1 Anze Kopitar             Guillaume Latendresse    Maxim Afinogenov         30     1   1  3  
 2 Matt Duchene             Andrei Kostitsyn         Vladimir Tarasenko       30     0   3  2  
 3 Boyd Devereaux           Scottie Upshall          Miroslav Satan           25     0   3  2  
 4 Jordan Nolan             Martin Samuelsson        Dustin Byfuglien         15     0   4  1  

5 vs 5 Defense 
   Defense                  Defense                                           Time % Phy DF OF 
 1 Dion Phaneuf             Tomas Kaberle                                     40     1   3  1  
 2 Johnny Oduya             Trevor Daley                                      35     1   3  1  
 3 Drew Doughty             Lubomir Visnovsky                                 25     1   3  1  
 4 Dion Phaneuf             Drew Doughty                                      0      1   3  1  

PowerPlay Forward 
   Center                   Left Wing                Right Wing               Time % Phy DF OF 
 1 Anze Kopitar             Andrei Kostitsyn         Jordan Nolan             60     1   1  3  
 2 Matt Duchene             Guillaume Latendresse    Vladimir Tarasenko       40     0   2  3  

PowerPlay Defense
   Defense                  Defense                                           Time % Phy DF OF 
 1 Drew Doughty             Dion Phaneuf                                      60     0   2  3  
 2 Johnny Oduya             Maxim Afinogenov                                  40     0   3  2  

Penalty Kill 4 Players Forward 
   Center                   Wing                     Time % Phy DF OF 
 1 Boyd Devereaux           Martin Samuelsson        60     0   4  1  
 2 Dustin Byfuglien         Scottie Upshall          40     0   4  1  

Penalty Kill 4 Players Defense
   Defense                  Defense                  Time % Phy DF OF 
 1 Lubomir Visnovsky        Johnny Oduya             60     1   4  0  
 2 Dion Phaneuf             Drew Doughty             40     1   4  0  

Penalty Kill - 3 Players Forward 
   Forward                                           Time % Phy DF OF 
 1 Boyd Devereaux                                    60     0   4  1  
 2 Dustin Byfuglien                                  40     0   4  1  

Penalty Kill - 3 Players Defense
   Defense                  Defense                  Time % Phy DF OF 
 1 Lubomir Visnovsky        Johnny Oduya             60     1   4  0  
 2 Drew Doughty             Dion Phaneuf             40     1   4  0  

4 vs 4 Forward 
   Center                   Wing                     Time % Phy DF OF 
 1 Anze Kopitar             Guillaume Latendresse    60     1   2  2  
 2 Matt Duchene             Andrei Kostitsyn         40     1   2  2  

4 vs 4 Defense
   Defense                  Defense                  Time % Phy DF OF 
 1 Dion Phaneuf             Drew Doughty             60     1   2  2  
 2 Johnny Oduya             Trevor Daley             40     1   2  2  

Last Minutes Offensive
   Center                   Left Wing                Right Wing               Defense                  Defense                  
   Anze Kopitar             Andrei Kostitsyn         Maxim Afinogenov         Drew Doughty             Dion Phaneuf             

Last Minutes Defensive
   Center                   Left Wing                Right Wing               Defense                  Defense                  
   Boyd Devereaux           Martin Samuelsson        Dustin Byfuglien         Dion Phaneuf             Johnny Oduya             

Goaltenders
Starting : Viktor Fasth             
Backup : Jean-Sébastien Giguère   

Extra Forwards
Normal : Jordan Nolan, Matt Duchene, Dustin Byfuglien - PP : Scottie Upshall, Dustin Byfuglien - PK : Anze Kopitar
Extra Defensemen
Normal : Drew Doughty, Dion Phaneuf, Johnny Oduya - PP : Trevor Daley - PK : Trevor Daley, Tomas Kaberle
Penalty Shots
Anze Kopitar, Maxim Afinogenov, Guillaume Latendresse, Andrei Kostitsyn, Boyd Devereaux

Canucks

5 vs 5 Forward 
   Center                   Left Wing                Right Wing               Time % Phy DF OF 
 1 Matt Stajan              Peter Worrell            Jaromir Jagr             40     1   2  2  
 2 Tomas Plekanec           Clarke MacArthur         Nikolai Zherdev          30     1   2  2  
 3 Maxim Lapierre           Alex Tanguay             David Jones              20     1   2  2  
 4 Olli Jokinen             Daniel Paille            Antti Miettinen          10     1   2  2  

5 vs 5 Defense 
   Defense                  Defense                                           Time % Phy DF OF 
 1 Alex Goligoski           Tom Poti                                          40     1   2  2  
 2 Sami Lepisto             Kent Huskins                                      30     1   2  2  
 3 Kyle Cumiskey            Karl Alzner                                       20     1   2  2  
 4 Alex Goligoski           Tom Poti                                          10     1   2  2  

PowerPlay Forward 
   Center                   Left Wing                Right Wing               Time % Phy DF OF 
 1 Matt Stajan              Peter Worrell            Jaromir Jagr             60     1   2  2  
 2 Tomas Plekanec           Clarke MacArthur         Nikolai Zherdev          40     1   2  2  

PowerPlay Defense
   Defense                  Defense                                           Time % Phy DF OF 
 1 Alex Goligoski           Tom Poti                                          60     1   2  2  
 2 Sami Lepisto             Kent Huskins                                      40     1   2  2  

Penalty Kill 4 Players Forward 
   Center                   Wing                     Time % Phy DF OF 
 1 Matt Stajan              Jaromir Jagr             60     1   2  2  
 2 Peter Worrell            Clarke MacArthur         40     1   2  2  

Penalty Kill 4 Players Defense
   Defense                  Defense                  Time % Phy DF OF 
 1 Alex Goligoski           Tom Poti                 60     1   2  2  
 2 Sami Lepisto             Kent Huskins             40     1   2  2  

Penalty Kill - 3 Players Forward 
   Forward                                           Time % Phy DF OF 
 1 Matt Stajan                                       60     1   2  2  
 2 Jaromir Jagr                                      40     1   2  2  

Penalty Kill - 3 Players Defense
   Defense                  Defense                  Time % Phy DF OF 
 1 Alex Goligoski           Tom Poti                 60     1   2  2  
 2 Sami Lepisto             Kent Huskins             40     1   2  2  

4 vs 4 Forward 
   Center                   Wing                     Time % Phy DF OF 
 1 Matt Stajan              Jaromir Jagr             60     1   2  2  
 2 Peter Worrell            Clarke MacArthur         40     1   2  2  

4 vs 4 Defense
   Defense                  Defense                  Time % Phy DF OF 
 1 Alex Goligoski           Tom Poti                 60     1   2  2  
 2 Sami Lepisto             Kent Huskins             40     1   2  2  

Last Minutes Offensive
   Center                   Left Wing                Right Wing               Defense                  Defense                  
   Matt Stajan              Peter Worrell            Jaromir Jagr             Alex Goligoski           Tom Poti                 

Last Minutes Defensive
   Center                   Left Wing                Right Wing               Defense                  Defense                  
   Matt Stajan              Peter Worrell            Jaromir Jagr             Alex Goligoski           Tom Poti                 

Goaltenders
Starting : Chad Johnson             
Backup : Carey Price              

Extra Forwards
Normal : Alex Tanguay, Maxim Lapierre, Daniel Paille - PP : Alex Tanguay, Maxim Lapierre - PK : Daniel Paille
Extra Defensemen
Normal : Kyle Cumiskey, Karl Alzner, Sami Lepisto - PP : Kyle Cumiskey - PK : Karl Alzner, Sami Lepisto
Penalty Shots
Matt Stajan, Jaromir Jagr, Peter Worrell, Clarke MacArthur, Tomas Plekanec

% Time on Ice - Kings

Lines # - Real PCT - Wanted PCT - Time Play
Normal Forward
1 - 30% - 30% - 14:02
2 - 30% - 30% - 14:03
3 - 25% - 25% - 11:36
4 - 15% - 15% - 7:09
Normal Defense
1 - 41% - 40% - 19:24
2 - 35% - 35% - 16:17
3 - 24% - 25% - 11:09
4 - 0% - 0% - 0:00
PP Forward
1 - 63% - 60% - 4:10
2 - 37% - 40% - 2:26
PP Defense
1 - 76% - 60% - 5:00
2 - 24% - 40% - 1:36
PK Forward
1 - 76% - 60% - 5:00
2 - 24% - 40% - 1:34
PK Defense
1 - 64% - 60% - 4:11
2 - 36% - 40% - 2:23
PK3 Forward
1 - 0% - 60%
2 - 0% - 40%
PK3 Defense
1 - 0% - 60%
2 - 0% - 40%
44 Forward
1 - 0% - 60%
2 - 0% - 40%
44 Defense
1 - 0% - 60%
2 - 0% - 40%
Last Minute Offensive  - 0:00
Last Minute Defensive  - 0:00
Total
Forward - 60:00
Defense - 60:00

% Time on Ice - Canucks

Lines # - Real PCT - Wanted PCT - Time Play
Normal Forward
1 - 35% - 40% - 16:12
2 - 26% - 30% - 12:01
3 - 21% - 20% - 9:47
4 - 19% - 10% - 8:50
Normal Defense
1 - 40% - 40% - 18:54
2 - 34% - 30% - 15:42
3 - 22% - 20% - 10:24
4 - 4% - 10% - 1:50
PP Forward
1 - 60% - 60% - 3:57
2 - 40% - 40% - 2:37
PP Defense
1 - 63% - 60% - 4:08
2 - 37% - 40% - 2:26
PK Forward
1 - 79% - 60% - 5:14
2 - 21% - 40% - 1:22
PK Defense
1 - 75% - 60% - 4:58
2 - 25% - 40% - 1:38
PK3 Forward
1 - 0% - 60%
2 - 0% - 40%
PK3 Defense
1 - 0% - 60%
2 - 0% - 40%
44 Forward
1 - 0% - 60%
2 - 0% - 40%
44 Defense
1 - 0% - 60%
2 - 0% - 40%
Last Minute Offensive  - 0:00
Last Minute Defensive  - 0:00
Total
Forward - 60:00
Defense - 60:00

Play by Play

1st period


0:01 of 1st period - Anze Kopitar wins face-off versus Jaromir Jagr in neutral zone.
0:15 of 1st period - Minor Penalty to Dion Phaneuf for Hooking.
0:16 of 1st period - Boyd Devereaux wins face-off versus Matt Stajan in Kings zone.
0:16 of 1st period - Boyd Devereaux is hit by Alex Goligoski.
0:27 of 1st period - Snap shot by Matt Stajan.
0:27 of 1st period - Stopped by Viktor Fasth without a rebound.
0:28 of 1st period - Clarke MacArthur wins face-off versus Boyd Devereaux in Kings zone.
0:41 of 1st period - Wrist shot by Clarke MacArthur.
0:41 of 1st period - Stopped by Viktor Fasth with a rebound.
0:43 of 1st period - Slapshot by Kent Huskins.
0:43 of 1st period - Goal by Kent Huskins - Kings : 0 - Canucks : 1.
0:44 of 1st period - Matt Duchene wins face-off versus Tomas Plekanec in neutral zone.
2:11 of 1st period - Off-side.
2:12 of 1st period - Matt Duchene wins face-off versus Nikolai Zherdev in neutral zone.
2:39 of 1st period - Tom Poti is hit by Boyd Devereaux and loses puck.
2:45 of 1st period - Minor Penalty to Matt Stajan for Tripping.
2:46 of 1st period - Daniel Paille wins face-off versus Anze Kopitar in Canucks zone.
2:54 of 1st period - Slapshot by Alex Goligoski.
2:54 of 1st period - Shot Blocked by Drew Doughty.
3:11 of 1st period - Dion Phaneuf is hit by Jaromir Jagr.
3:21 of 1st period - Wrist shot by Guillaume Latendresse.
3:21 of 1st period - Goal by Guillaume Latendresse - Kings : 1 - Canucks : 1.
3:22 of 1st period - Maxim Lapierre wins face-off versus Anze Kopitar in neutral zone.
3:35 of 1st period - Snap shot by Anze Kopitar.
3:35 of 1st period - Shot Misses the Net.
3:37 of 1st period - Slapshot by Tomas Kaberle.
3:37 of 1st period - Stopped by Chad Johnson with a rebound.
3:39 of 1st period - Snap shot by Anze Kopitar.
3:39 of 1st period - Shot Misses the Net.
3:49 of 1st period - Tomas Kaberle is hit by Sami Lepisto.
4:15 of 1st period - Slapshot by Clarke MacArthur.
4:15 of 1st period - Shot Misses the Net.
4:56 of 1st period - Slapshot by Dion Phaneuf.
4:56 of 1st period - Shot Blocked by Tom Poti.
5:16 of 1st period - Slapshot by Boyd Devereaux.
5:16 of 1st period - Shot Blocked by David Jones.
5:32 of 1st period - Slapshot by Alex Tanguay.
5:32 of 1st period - Shot Misses the Net.
6:01 of 1st period - Dustin Byfuglien is hit by Peter Worrell and loses puck.
6:28 of 1st period - Snap shot by Guillaume Latendresse.
6:28 of 1st period - Shot Misses the Net.
7:02 of 1st period - Wrist shot by Jaromir Jagr.
7:02 of 1st period - Stopped by Viktor Fasth with a rebound.
7:04 of 1st period - Slapshot by Jaromir Jagr.
7:04 of 1st period - Shot Misses the Net.
8:16 of 1st period - Snap shot by Dustin Byfuglien.
8:16 of 1st period - Stopped by Chad Johnson with a rebound.
8:53 of 1st period - Antti Miettinen is hit by Dion Phaneuf and loses puck.
9:03 of 1st period - Kyle Cumiskey is hit by Matt Duchene and loses puck.
9:06 of 1st period - Snap shot by Daniel Paille.
9:06 of 1st period - Shot Misses the Net.
9:08 of 1st period - Snap shot by Daniel Paille.
9:08 of 1st period - Shot Misses the Net.
9:10 of 1st period - Snap shot by Antti Miettinen.
9:10 of 1st period - Shot Misses the Net.
9:12 of 1st period - Slapshot by Olli Jokinen.
9:12 of 1st period - Stopped by Viktor Fasth with a rebound.
9:45 of 1st period - Snap shot by Antti Miettinen.
9:45 of 1st period - Stopped by Viktor Fasth with a rebound.
9:47 of 1st period - Wrist shot by Antti Miettinen.
9:47 of 1st period - Shot Blocked by Tomas Kaberle.
9:49 of 1st period - Slapshot by Karl Alzner.
9:49 of 1st period - Shot Blocked by Dion Phaneuf.
10:04 of 1st period - Wrist shot by Matt Duchene.
10:04 of 1st period - Stopped by Chad Johnson with a rebound.
10:17 of 1st period - Wrist shot by Olli Jokinen.
10:17 of 1st period - Deflect By Dion Phaneuf.
10:17 of 1st period - Stopped by Viktor Fasth without a rebound.
10:18 of 1st period - Anze Kopitar wins face-off versus Matt Stajan in Kings zone.
10:29 of 1st period - Wrist shot by Guillaume Latendresse.
10:29 of 1st period - Deflect By Maxim Afinogenov.
10:29 of 1st period - Goal by Maxim Afinogenov - Kings : 2 - Canucks : 1.
10:30 of 1st period - Anze Kopitar wins face-off versus Matt Stajan in neutral zone.
10:35 of 1st period - Icing by Tom Poti.
10:36 of 1st period - Guillaume Latendresse wins face-off versus Matt Stajan in Canucks zone.
10:41 of 1st period - Snap shot by Maxim Afinogenov.
10:41 of 1st period - Shot Misses the Net.
11:12 of 1st period - Minor Penalty to Peter Worrell for Hooking.
11:13 of 1st period - Matt Stajan wins face-off versus Anze Kopitar in Canucks zone.
11:52 of 1st period - Wrist shot by Dion Phaneuf.
11:52 of 1st period - Goal by Dion Phaneuf - Kings : 3 - Canucks : 1.
11:53 of 1st period - Tomas Plekanec wins face-off versus Boyd Devereaux in neutral zone.
12:47 of 1st period - Kent Huskins is hit by Jordan Nolan.
12:51 of 1st period - Dion Phaneuf is hit by Maxim Lapierre and loses puck.
13:30 of 1st period - Snap shot by Scottie Upshall.
13:30 of 1st period - Stopped by Chad Johnson without a rebound.
13:31 of 1st period - Tomas Plekanec wins face-off versus Boyd Devereaux in Canucks zone.
13:38 of 1st period - Backhand shot by Tomas Plekanec.
13:38 of 1st period - Shot Misses the Net.
13:40 of 1st period - Wrist shot by Tomas Plekanec.
13:40 of 1st period - Goal by Tomas Plekanec - Kings : 3 - Canucks : 2.
13:41 of 1st period - Tomas Plekanec wins face-off versus Boyd Devereaux in neutral zone.
13:49 of 1st period - Icing by Trevor Daley.
13:50 of 1st period - Boyd Devereaux wins face-off versus Tomas Plekanec in Kings zone.
14:16 of 1st period - Miroslav Satan is hit by Clarke MacArthur and loses puck.
14:37 of 1st period - Slapshot by Tomas Plekanec.
14:37 of 1st period - Stopped by Viktor Fasth with a rebound.
14:39 of 1st period - Snap shot by Nikolai Zherdev.
14:39 of 1st period - Shot Blocked by Boyd Devereaux.
14:50 of 1st period - Wrist shot by Nikolai Zherdev.
14:50 of 1st period - Stopped by Viktor Fasth with a rebound.
14:52 of 1st period - Snap shot by Nikolai Zherdev.
14:52 of 1st period - Stopped by Viktor Fasth with a rebound.
14:54 of 1st period - Slapshot by Alex Goligoski.
14:54 of 1st period - Shot Blocked by Boyd Devereaux.
14:56 of 1st period - Slapshot by Tom Poti.
14:56 of 1st period - Shot Blocked by Johnny Oduya.
15:04 of 1st period - Wrist shot by Miroslav Satan.
15:04 of 1st period - Stopped by Chad Johnson with a rebound.
15:14 of 1st period - Snap shot by Tomas Plekanec.
15:14 of 1st period - Deflect By Clarke MacArthur.
15:14 of 1st period - Stopped by Viktor Fasth without a rebound.
15:15 of 1st period - Anze Kopitar wins face-off versus Matt Stajan in Kings zone.
15:58 of 1st period - Off-side.
15:59 of 1st period - Olli Jokinen wins face-off versus Jordan Nolan in neutral zone.
16:28 of 1st period - Wrist shot by Guillaume Latendresse.
16:28 of 1st period - Deflect By Anze Kopitar.
16:28 of 1st period - Shot Misses the Net.
16:28 of 1st period - Puck is out of play.
16:29 of 1st period - Matt Stajan wins face-off versus Anze Kopitar in Canucks zone.
16:34 of 1st period - Snap shot by Anze Kopitar.
16:34 of 1st period - Stopped by Chad Johnson with a rebound.
16:35 of 1st period - Dion Phaneuf beats up Peter Worrell.
16:35 of 1st period - Penalty to Peter Worrell for Fighting.
16:35 of 1st period - Penalty to Dion Phaneuf for Fighting.
16:35 of 1st period - Penalty to Peter Worrell for instigated a fight.
16:35 of 1st period - Penalty to Peter Worrell for instigated a fight.
16:36 of 1st period - Anze Kopitar wins face-off versus Matt Stajan in Canucks zone.
16:37 of 1st period - Slapshot by Andrei Kostitsyn.
16:37 of 1st period - Stopped by Chad Johnson without a rebound.
16:38 of 1st period - Matt Stajan wins face-off versus Anze Kopitar in Canucks zone.
16:45 of 1st period - Backhand shot by Matt Stajan.
16:45 of 1st period - Stopped by Viktor Fasth without a rebound.
16:46 of 1st period - Anze Kopitar wins face-off versus Matt Stajan in Kings zone.
17:12 of 1st period - Slapshot by Anze Kopitar.
17:12 of 1st period - Shot Misses the Net.
17:14 of 1st period - Snap shot by Andrei Kostitsyn.
17:14 of 1st period - Shot Misses the Net.
17:16 of 1st period - Slapshot by Trevor Daley.
17:16 of 1st period - Shot Misses the Net.
17:44 of 1st period - Slapshot by Andrei Kostitsyn.
17:44 of 1st period - Stopped by Chad Johnson with a rebound.
17:46 of 1st period - Snap shot by Drew Doughty.
17:46 of 1st period - Deflect By Jordan Nolan.
17:46 of 1st period - Stopped by Chad Johnson with a rebound.
18:10 of 1st period - Snap shot by Anze Kopitar.
18:10 of 1st period - Stopped by Chad Johnson without a rebound.
18:11 of 1st period - Matt Stajan wins face-off versus Matt Duchene in Canucks zone.
18:24 of 1st period - Snap shot by Vladimir Tarasenko.
18:24 of 1st period - Stopped by Chad Johnson with a rebound.
18:26 of 1st period - Slapshot by Maxim Afinogenov.
18:26 of 1st period - Stopped by Chad Johnson with a rebound.
18:35 of 1st period - Penalty to Peter Worrell is over, Antti Miettinen is send on ice.
18:47 of 1st period - Scottie Upshall is hit by Alex Goligoski and loses puck.
19:20 of 1st period - Wrist shot by Maxim Lapierre.
19:20 of 1st period - Stopped by Viktor Fasth without a rebound.
19:21 of 1st period - Anze Kopitar wins face-off versus Tomas Plekanec in Kings zone.
19:21 of 1st period - Anze Kopitar is hit by Nikolai Zherdev.
19:30 of 1st period - Icing by Drew Doughty.
19:31 of 1st period - Tomas Plekanec wins face-off versus Anze Kopitar in Kings zone.
19:34 of 1st period - Wrist shot by Tomas Plekanec.
19:34 of 1st period - Stopped by Viktor Fasth with a rebound.
Goals for this period are 3 for Kings vs 2 for Canucks.
Shots for this period are 15 for Kings vs 15 for Canucks.

2nd period


0:01 of 2nd period - Matt Stajan wins face-off versus Anze Kopitar in neutral zone.
0:16 of 2nd period - Slapshot by Maxim Afinogenov.
0:16 of 2nd period - Stopped by Chad Johnson with a rebound.
0:28 of 2nd period - Icing by Matt Duchene.
0:29 of 2nd period - Matt Duchene wins face-off versus Tomas Plekanec in Kings zone.
0:40 of 2nd period - Slapshot by Andrei Kostitsyn.
0:40 of 2nd period - Shot Misses the Net.
0:42 of 2nd period - Wrist shot by Andrei Kostitsyn.
0:42 of 2nd period - Goal by Andrei Kostitsyn - Kings : 4 - Canucks : 2.
0:42 of 2nd period - Carey Price enters game.
0:43 of 2nd period - Alex Tanguay wins face-off versus Anze Kopitar in neutral zone.
0:48 of 2nd period - Slapshot by Tom Poti.
0:48 of 2nd period - Shot Blocked by Tomas Kaberle.
1:18 of 2nd period - Slapshot by Antti Miettinen.
1:18 of 2nd period - Shot Misses the Net.
1:20 of 2nd period - Slapshot by Kent Huskins.
1:20 of 2nd period - Shot Blocked by Drew Doughty.
1:22 of 2nd period - Backhand shot by Kent Huskins.
1:22 of 2nd period - Stopped by Viktor Fasth without a rebound.
1:23 of 2nd period - Matt Duchene wins face-off versus Matt Stajan in Kings zone.
2:18 of 2nd period - Drew Doughty is hit by Olli Jokinen.
2:54 of 2nd period - David Jones is hit by Dion Phaneuf and loses puck.
3:57 of 2nd period - Snap shot by Alex Tanguay.
3:57 of 2nd period - Stopped by Viktor Fasth with a rebound.
3:59 of 2nd period - Snap shot by Kent Huskins.
3:59 of 2nd period - Deflect By Alex Tanguay.
3:59 of 2nd period - Stopped by Viktor Fasth without a rebound.
4:00 of 2nd period - Anze Kopitar wins face-off versus Matt Stajan in Kings zone.
4:27 of 2nd period - Clarke MacArthur is hit by Miroslav Satan and loses puck.
4:56 of 2nd period - Snap shot by Martin Samuelsson.
4:56 of 2nd period - Goal by Martin Samuelsson - Kings : 5 - Canucks : 2.
4:57 of 2nd period - Anze Kopitar wins face-off versus Matt Stajan in neutral zone.
5:08 of 2nd period - Snap shot by Anze Kopitar.
5:08 of 2nd period - Goal by Anze Kopitar - Kings : 6 - Canucks : 2.
5:09 of 2nd period - Matt Stajan wins face-off versus Matt Duchene in neutral zone.
5:14 of 2nd period - Snap shot by Jaromir Jagr.
5:14 of 2nd period - Shot Misses the Net.
5:16 of 2nd period - Snap shot by Matt Stajan.
5:16 of 2nd period - Goal by Matt Stajan - Kings : 6 - Canucks : 3.
5:17 of 2nd period - Anze Kopitar wins face-off versus Matt Stajan in neutral zone.
5:46 of 2nd period - Off-side.
5:47 of 2nd period - Matt Duchene wins face-off versus Olli Jokinen in neutral zone.
6:13 of 2nd period - Icing by Matt Duchene.
6:14 of 2nd period - Boyd Devereaux wins face-off versus Matt Stajan in Kings zone.
6:34 of 2nd period - Minor Penalty to Tomas Kaberle for High sticking.
6:35 of 2nd period - Boyd Devereaux wins face-off versus Matt Stajan in Kings zone.
6:39 of 2nd period - Wrist shot by Boyd Devereaux.
6:39 of 2nd period - Stopped by Carey Price without a rebound.
6:40 of 2nd period - Matt Stajan wins face-off versus Boyd Devereaux in Canucks zone.
7:15 of 2nd period - Snap shot by Alex Goligoski.
7:15 of 2nd period - Shot Blocked by Scottie Upshall.
7:23 of 2nd period - Wrist shot by Matt Stajan.
7:23 of 2nd period - Stopped by Viktor Fasth with a rebound.
7:25 of 2nd period - Slapshot by Tom Poti.
7:25 of 2nd period - Shot Misses the Net.
7:43 of 2nd period - Snap shot by Matt Stajan.
7:43 of 2nd period - Shot Misses the Net.
7:45 of 2nd period - Wrist shot by Alex Tanguay.
7:45 of 2nd period - Shot Misses the Net.
7:47 of 2nd period - Slapshot by Tom Poti.
7:47 of 2nd period - Shot Blocked by Dion Phaneuf.
7:49 of 2nd period - Snap shot by Matt Stajan.
7:49 of 2nd period - Shot Misses the Net.
7:51 of 2nd period - Wrist shot by Alex Tanguay.
7:51 of 2nd period - Deflect By Jaromir Jagr.
7:51 of 2nd period - Shot Blocked by Dion Phaneuf.
7:51 of 2nd period - Puck is out of play.
7:52 of 2nd period - Tomas Plekanec wins face-off versus Boyd Devereaux in Kings zone.
7:53 of 2nd period - Snap shot by Nikolai Zherdev.
7:53 of 2nd period - Shot Blocked by Johnny Oduya.
7:55 of 2nd period - Snap shot by Nikolai Zherdev.
7:55 of 2nd period - Shot Blocked by Martin Samuelsson.
7:57 of 2nd period - Snap shot by Kent Huskins.
7:57 of 2nd period - Shot Misses the Net.
7:59 of 2nd period - Wrist shot by Kent Huskins.
7:59 of 2nd period - Shot Misses the Net.
8:01 of 2nd period - Slapshot by Sami Lepisto.
8:01 of 2nd period - Stopped by Viktor Fasth without a rebound.
8:02 of 2nd period - Boyd Devereaux wins face-off versus Tomas Plekanec in Kings zone.
8:08 of 2nd period - Icing by Nikolai Zherdev.
8:09 of 2nd period - Tomas Plekanec wins face-off versus Boyd Devereaux in Canucks zone.
8:30 of 2nd period - Wrist shot by Clarke MacArthur.
8:30 of 2nd period - Stopped by Viktor Fasth with a rebound.
8:32 of 2nd period - Snap shot by Nikolai Zherdev.
8:32 of 2nd period - Shot Blocked by Johnny Oduya.
8:34 of 2nd period - Penalty to Tomas Kaberle is over, Tomas Kaberle is back on ice.
8:34 of 2nd period - Snap shot by Tomas Plekanec.
8:34 of 2nd period - Stopped by Viktor Fasth with a rebound.
8:36 of 2nd period - Slapshot by Tomas Plekanec.
8:36 of 2nd period - Shot Misses the Net.
8:38 of 2nd period - Wrist shot by Clarke MacArthur.
8:38 of 2nd period - Stopped by Viktor Fasth without a rebound.
8:39 of 2nd period - Matt Duchene wins face-off versus Matt Stajan in Kings zone.
8:39 of 2nd period - Matt Duchene is hit by Alex Goligoski.
8:58 of 2nd period - Minor Penalty to Jaromir Jagr for Hooking.
8:59 of 2nd period - Anze Kopitar wins face-off versus Matt Stajan in Canucks zone.
9:01 of 2nd period - Slapshot by Anze Kopitar.
9:01 of 2nd period - Goal by Anze Kopitar - Kings : 7 - Canucks : 3.
9:02 of 2nd period - Matt Stajan wins face-off versus Anze Kopitar in neutral zone.
9:11 of 2nd period - Slapshot by Alex Tanguay.
9:11 of 2nd period - Shot Misses the Net.
9:29 of 2nd period - Jaromir Jagr is hit by Scottie Upshall and loses puck.
9:38 of 2nd period - Wrist shot by Miroslav Satan.
9:38 of 2nd period - Stopped by Carey Price without a rebound.
9:39 of 2nd period - Matt Duchene wins face-off versus Tomas Plekanec in Canucks zone.
9:40 of 2nd period - Snap shot by Andrei Kostitsyn.
9:40 of 2nd period - Shot Misses the Net.
9:56 of 2nd period - Andrei Kostitsyn is hit by Tomas Plekanec and loses puck.
11:35 of 2nd period - 10 Minutes Misconduct Penalty to Peter Worrell is over.
12:26 of 2nd period - Off-side.
12:27 of 2nd period - Matt Stajan wins face-off versus Matt Duchene in neutral zone.
13:13 of 2nd period - Kyle Cumiskey is hit by Lubomir Visnovsky and loses puck.
13:32 of 2nd period - Minor Penalty to Alex Tanguay for Roughing.
13:33 of 2nd period - Matt Stajan wins face-off versus Anze Kopitar in Canucks zone.
13:44 of 2nd period - Drew Doughty is hit by Jaromir Jagr and loses puck.
14:09 of 2nd period - Wrist shot by Drew Doughty.
14:09 of 2nd period - Shot Blocked by Tom Poti.
14:11 of 2nd period - Backhand shot by Dion Phaneuf.
14:11 of 2nd period - Shot Misses the Net.
15:08 of 2nd period - Guillaume Latendresse is hit by Peter Worrell and loses puck.
15:17 of 2nd period - Icing by Dion Phaneuf.
15:18 of 2nd period - Guillaume Latendresse wins face-off versus Matt Stajan in Kings zone.
15:32 of 2nd period - Penalty to Alex Tanguay is over, Alex Tanguay is back on ice.
15:58 of 2nd period - Wrist shot by Jaromir Jagr.
15:58 of 2nd period - Stopped by Viktor Fasth without a rebound.
15:59 of 2nd period - Tomas Plekanec wins face-off versus Jordan Nolan in Kings zone.
16:18 of 2nd period - Sami Lepisto is hit by Lubomir Visnovsky and loses puck.
16:27 of 2nd period - Backhand shot by Jordan Nolan.
16:27 of 2nd period - Stopped by Carey Price without a rebound.
16:28 of 2nd period - Matt Duchene wins face-off versus Maxim Lapierre in Canucks zone.
16:33 of 2nd period - Slapshot by Matt Duchene.
16:33 of 2nd period - Shot Blocked by Alex Tanguay.
16:39 of 2nd period - Wrist shot by Matt Duchene.
16:39 of 2nd period - Stopped by Carey Price with a rebound.
16:41 of 2nd period - Slapshot by Matt Duchene.
16:41 of 2nd period - Stopped by Carey Price with a rebound.
16:58 of 2nd period - Antti Miettinen is hit by Maxim Afinogenov and loses puck.
17:03 of 2nd period - Wrist shot by Anze Kopitar.
17:03 of 2nd period - Shot Blocked by Alex Goligoski.
17:17 of 2nd period - Snap shot by Tomas Plekanec.
17:17 of 2nd period - Stopped by Viktor Fasth without a rebound.
17:18 of 2nd period - Matt Stajan wins face-off versus Matt Duchene in Kings zone.
17:24 of 2nd period - Minor Penalty to Andrei Kostitsyn for Holding.
17:25 of 2nd period - Peter Worrell wins face-off versus Boyd Devereaux in Kings zone.
17:35 of 2nd period - Wrist shot by Peter Worrell.
17:35 of 2nd period - Stopped by Viktor Fasth without a rebound.
17:36 of 2nd period - Boyd Devereaux wins face-off versus Matt Stajan in Kings zone.
18:01 of 2nd period - Martin Samuelsson is hit by Alex Goligoski and loses puck.
19:24 of 2nd period - Penalty to Andrei Kostitsyn is over, Andrei Kostitsyn is back on ice.
19:46 of 2nd period - Minor Penalty to Matt Duchene for Roughing.
19:47 of 2nd period - Matt Stajan wins face-off versus Boyd Devereaux in Kings zone.
19:56 of 2nd period - Slapshot by Alex Goligoski.
19:56 of 2nd period - Stopped by Viktor Fasth with a rebound.
Goals for this period are 4 for Kings vs 1 for Canucks.
Shots for this period are 10 for Kings vs 13 for Canucks.

3rd period


0:01 of 3rd period - Matt Stajan wins face-off versus Boyd Devereaux in neutral zone.
1:14 of 3rd period - Slapshot by Anze Kopitar.
1:14 of 3rd period - Deflect By Andrei Kostitsyn.
1:14 of 3rd period - Stopped by Carey Price without a rebound.
1:15 of 3rd period - Jaromir Jagr wins face-off versus Boyd Devereaux in Canucks zone.
1:35 of 3rd period - Icing by Tomas Plekanec.
1:36 of 3rd period - Boyd Devereaux wins face-off versus Matt Stajan in Canucks zone.
1:37 of 3rd period - Wrist shot by Martin Samuelsson.
1:37 of 3rd period - Shot Misses the Net.
1:46 of 3rd period - Penalty to Matt Duchene is over, Matt Duchene is back on ice.
2:18 of 3rd period - Off-side.
2:19 of 3rd period - Olli Jokinen wins face-off versus Anze Kopitar in neutral zone.
2:25 of 3rd period - Minor Penalty to Maxim Afinogenov for Cross-checking.
2:26 of 3rd period - Boyd Devereaux wins face-off versus Matt Stajan in Kings zone.
2:34 of 3rd period - Snap shot by Jaromir Jagr.
2:34 of 3rd period - Goal by Jaromir Jagr - Kings : 7 - Canucks : 4.
2:35 of 3rd period - Matt Stajan wins face-off versus Matt Duchene in neutral zone.
3:05 of 3rd period - Slapshot by Alex Goligoski.
3:05 of 3rd period - Shot Blocked by Dion Phaneuf.
3:07 of 3rd period - Slapshot by Tom Poti.
3:07 of 3rd period - Shot Blocked by Dion Phaneuf.
3:09 of 3rd period - Wrist shot by Alex Tanguay.
3:09 of 3rd period - Deflect By Maxim Lapierre.
3:09 of 3rd period - Deflect By Andrei Kostitsyn.
3:09 of 3rd period - Shot Misses the Net.
3:09 of 3rd period - Puck is out of play.
3:10 of 3rd period - Anze Kopitar wins face-off versus Matt Stajan in Kings zone.
3:10 of 3rd period - Peter Worrell beats up Maxim Afinogenov.
3:10 of 3rd period - Penalty to Peter Worrell for Fighting.
3:10 of 3rd period - Penalty to Maxim Afinogenov for Fighting.
3:11 of 3rd period - Anze Kopitar wins face-off versus Matt Stajan in Kings zone.
3:11 of 3rd period - Anze Kopitar is hit by Jaromir Jagr.
3:20 of 3rd period - Minor Penalty to Jaromir Jagr for Tripping.
3:21 of 3rd period - Matt Stajan wins face-off versus Anze Kopitar in Canucks zone.
3:37 of 3rd period - Snap shot by Andrei Kostitsyn.
3:37 of 3rd period - Deflect By Jordan Nolan.
3:37 of 3rd period - Shot Blocked by Tom Poti.
3:37 of 3rd period - Puck is out of play.
3:38 of 3rd period - Matt Stajan wins face-off versus Matt Duchene in Canucks zone.
3:49 of 3rd period - Backhand shot by Drew Doughty.
3:49 of 3rd period - Stopped by Carey Price without a rebound.
3:50 of 3rd period - Anze Kopitar wins face-off versus Matt Stajan in Canucks zone.
4:17 of 3rd period - Snap shot by Guillaume Latendresse.
4:17 of 3rd period - Shot Blocked by Alex Tanguay.
4:19 of 3rd period - Wrist shot by Vladimir Tarasenko.
4:19 of 3rd period - Stopped by Carey Price with a rebound.
4:21 of 3rd period - Snap shot by Guillaume Latendresse.
4:21 of 3rd period - Shot Misses the Net.
4:23 of 3rd period - Slapshot by Trevor Daley.
4:23 of 3rd period - Shot Misses the Net.
4:25 of 3rd period - Snap shot by Matt Duchene.
4:25 of 3rd period - Deflect By Matt Stajan.
4:25 of 3rd period - Shot Misses the Net.
4:25 of 3rd period - Puck is out of play.
4:26 of 3rd period - Anze Kopitar wins face-off versus Matt Stajan in Canucks zone.
4:27 of 3rd period - Wrist shot by Andrei Kostitsyn.
4:27 of 3rd period - Shot Blocked by Sami Lepisto.
4:29 of 3rd period - Snap shot by Jordan Nolan.
4:29 of 3rd period - Shot Blocked by Kent Huskins.
4:31 of 3rd period - Slapshot by Drew Doughty.
4:31 of 3rd period - Shot Blocked by Kent Huskins.
4:33 of 3rd period - Slapshot by Drew Doughty.
4:33 of 3rd period - Shot Blocked by Kent Huskins.
4:35 of 3rd period - Snap shot by Jordan Nolan.
4:35 of 3rd period - Shot Blocked by Kent Huskins.
4:37 of 3rd period - Slapshot by Drew Doughty.
4:37 of 3rd period - Shot Blocked by Daniel Paille.
4:39 of 3rd period - Slapshot by Dion Phaneuf.
4:39 of 3rd period - Goal by Dion Phaneuf - Kings : 8 - Canucks : 4.
4:39 of 3rd period - Chad Johnson enters game.
4:40 of 3rd period - Anze Kopitar wins face-off versus Tomas Plekanec in neutral zone.
4:43 of 3rd period - Backhand shot by Trevor Daley.
4:43 of 3rd period - Stopped by Chad Johnson with a rebound.
4:54 of 3rd period - Wrist shot by Tomas Plekanec.
4:54 of 3rd period - Stopped by Viktor Fasth with a rebound.
4:56 of 3rd period - Backhand shot by Clarke MacArthur.
4:56 of 3rd period - Shot Misses the Net.
5:27 of 3rd period - Snap shot by Matt Stajan.
5:27 of 3rd period - Shot Blocked by Boyd Devereaux.
5:29 of 3rd period - Slapshot by Kent Huskins.
5:29 of 3rd period - Deflect By Olli Jokinen.
5:29 of 3rd period - Stopped by Viktor Fasth without a rebound.
5:30 of 3rd period - Daniel Paille wins face-off versus Scottie Upshall in Kings zone.
5:31 of 3rd period - Snap shot by Antti Miettinen.
5:31 of 3rd period - Shot Misses the Net.
5:56 of 3rd period - Antti Miettinen is hit by Tomas Kaberle and loses puck.
6:01 of 3rd period - Slapshot by Scottie Upshall.
6:01 of 3rd period - Stopped by Chad Johnson with a rebound.
6:03 of 3rd period - Backhand shot by Dion Phaneuf.
6:03 of 3rd period - Shot Blocked by Karl Alzner.
6:05 of 3rd period - Backhand shot by Boyd Devereaux.
6:05 of 3rd period - Shot Misses the Net.
6:07 of 3rd period - Snap shot by Boyd Devereaux.
6:07 of 3rd period - Stopped by Chad Johnson with a rebound.
6:09 of 3rd period - Wrist shot by Boyd Devereaux.
6:09 of 3rd period - Goal by Boyd Devereaux - Kings : 9 - Canucks : 4.
6:10 of 3rd period - Matt Duchene wins face-off versus Matt Stajan in neutral zone.
6:21 of 3rd period - Snap shot by Andrei Kostitsyn.
6:21 of 3rd period - Shot Misses the Net.
6:23 of 3rd period - Snap shot by Matt Duchene.
6:23 of 3rd period - Shot Misses the Net.
6:35 of 3rd period - Matt Stajan is hit by Scottie Upshall and loses puck.
6:44 of 3rd period - Snap shot by Miroslav Satan.
6:44 of 3rd period - Stopped by Chad Johnson with a rebound.
8:30 of 3rd period - Icing by Johnny Oduya.
8:31 of 3rd period - Matt Stajan wins face-off versus Boyd Devereaux in Kings zone.
8:36 of 3rd period - Snap shot by Matt Stajan.
8:36 of 3rd period - Shot Misses the Net.
8:38 of 3rd period - Wrist shot by Kyle Cumiskey.
8:38 of 3rd period - Shot Blocked by Scottie Upshall.
8:40 of 3rd period - Snap shot by Karl Alzner.
8:40 of 3rd period - Stopped by Viktor Fasth with a rebound.
10:18 of 3rd period - Dion Phaneuf is hit by Clarke MacArthur and loses puck.
10:31 of 3rd period - Jordan Nolan is hit by Tom Poti and loses puck.
10:50 of 3rd period - Wrist shot by Jordan Nolan.
10:50 of 3rd period - Shot Misses the Net.
10:52 of 3rd period - Snap shot by Tomas Kaberle.
10:52 of 3rd period - Shot Misses the Net.
10:54 of 3rd period - Wrist shot by Martin Samuelsson.
10:54 of 3rd period - Stopped by Chad Johnson without a rebound.
10:55 of 3rd period - Anze Kopitar wins face-off versus Matt Stajan in Canucks zone.
11:09 of 3rd period - Trevor Daley beats up Kyle Cumiskey.
11:09 of 3rd period - Penalty to Kyle Cumiskey for Fighting.
11:09 of 3rd period - Penalty to Trevor Daley for Fighting.
11:10 of 3rd period - Matt Duchene wins face-off versus Matt Stajan in Kings zone.
11:15 of 3rd period - Wrist shot by Alex Goligoski.
11:15 of 3rd period - Deflect By Jaromir Jagr.
11:15 of 3rd period - Goal by Jaromir Jagr - Kings : 9 - Canucks : 5.
11:16 of 3rd period - Matt Stajan wins face-off versus Matt Duchene in neutral zone.
11:24 of 3rd period - Icing by Matt Duchene.
11:25 of 3rd period - Matt Stajan wins face-off versus Matt Duchene in Kings zone.
11:26 of 3rd period - Snap shot by Peter Worrell.
11:26 of 3rd period - Shot Misses the Net.
11:28 of 3rd period - Slapshot by Matt Stajan.
11:28 of 3rd period - Stopped by Viktor Fasth without a rebound.
11:29 of 3rd period - Anze Kopitar wins face-off versus Matt Stajan in Kings zone.
12:16 of 3rd period - Andrei Kostitsyn is hit by Daniel Paille and loses puck.
12:25 of 3rd period - Snap shot by Olli Jokinen.
12:25 of 3rd period - Stopped by Viktor Fasth without a rebound.
12:26 of 3rd period - Matt Stajan wins face-off versus Maxim Afinogenov in Kings zone.
13:21 of 3rd period - Wrist shot by David Jones.
13:21 of 3rd period - Stopped by Viktor Fasth without a rebound.
13:22 of 3rd period - Anze Kopitar wins face-off versus Matt Stajan in Kings zone.
13:22 of 3rd period - Anze Kopitar is hit by Tom Poti.
13:28 of 3rd period - Matt Stajan is hit by Anze Kopitar and loses puck.
13:49 of 3rd period - Tom Poti is hit by Boyd Devereaux and loses puck.
14:00 of 3rd period - Miroslav Satan is hit by Matt Stajan and loses puck.
14:17 of 3rd period - Snap shot by Jaromir Jagr.
14:17 of 3rd period - Shot Blocked by Scottie Upshall.
14:19 of 3rd period - Slapshot by Alex Goligoski.
14:19 of 3rd period - Deflect By Jaromir Jagr.
14:19 of 3rd period - Goal by Jaromir Jagr - Kings : 9 - Canucks : 6.
14:20 of 3rd period - Matt Duchene wins face-off versus Tomas Plekanec in neutral zone.
14:45 of 3rd period - Maxim Afinogenov is hit by Sami Lepisto and loses puck.
14:54 of 3rd period - Snap shot by David Jones.
14:54 of 3rd period - Stopped by Viktor Fasth with a rebound.
14:56 of 3rd period - Wrist shot by Maxim Lapierre.
14:56 of 3rd period - Stopped by Viktor Fasth with a rebound.
15:12 of 3rd period - Wrist shot by Antti Miettinen.
15:12 of 3rd period - Stopped by Viktor Fasth with a rebound.
15:33 of 3rd period - Dustin Byfuglien is hit by Sami Lepisto.
15:47 of 3rd period - Slapshot by Andrei Kostitsyn.
15:47 of 3rd period - Shot Blocked by Tom Poti.
15:52 of 3rd period - Icing by Nikolai Zherdev.
15:53 of 3rd period - Tomas Plekanec wins face-off versus Anze Kopitar in Canucks zone.
16:30 of 3rd period - Peter Worrell is hit by Andrei Kostitsyn and loses puck.
17:09 of 3rd period - Wrist shot by Olli Jokinen.
17:09 of 3rd period - Shot Misses the Net.
17:11 of 3rd period - Snap shot by Daniel Paille.
17:11 of 3rd period - Stopped by Viktor Fasth with a rebound.
17:13 of 3rd period - Wrist shot by Sami Lepisto.
17:13 of 3rd period - Shot Blocked by Trevor Daley.
17:15 of 3rd period - Snap shot by Olli Jokinen.
17:15 of 3rd period - Stopped by Viktor Fasth without a rebound.
17:16 of 3rd period - Matt Stajan wins face-off versus Anze Kopitar in Kings zone.
17:37 of 3rd period - Kyle Cumiskey is hit by Trevor Daley and loses puck.
18:04 of 3rd period - David Jones is hit by Andrei Kostitsyn and loses puck.
18:19 of 3rd period - Miroslav Satan is hit by Antti Miettinen.
19:04 of 3rd period - Kent Huskins is hit by Matt Duchene.
19:32 of 3rd period - Slapshot by Drew Doughty.
19:32 of 3rd period - Shot Blocked by Alex Tanguay.
19:34 of 3rd period - Slapshot by Drew Doughty.
19:34 of 3rd period - Shot Blocked by Maxim Lapierre.
19:36 of 3rd period - Snap shot by Lubomir Visnovsky.
19:36 of 3rd period - Stopped by Chad Johnson without a rebound.
19:37 of 3rd period - Anze Kopitar wins face-off versus Matt Stajan in Canucks zone.
Goals for this period are 2 for Kings vs 3 for Canucks.
Shots for this period are 11 for Kings vs 14 for Canucks.


Output by the SimonT Hockey Simulator (STHS) for François Prévost -- Original Page W3C XHTML 1.0 Valid
Hockey Simulator - Hockey Simulation - Hockey Manager